 Dungeon Crawl Stone Soup version 0.23.1 (webtiles) character file.

Game seed: 6669100782576401926

128 Yunesin the Chopper (level 4, 0/40 HPs)
             Began as a Minotaur Berserker on Mar 13, 2019.
             Was a Believer of Trog.
             Slain by an orc wizard
             ... wielding a +0 dagger
              (1 damage)
             ... on level 4 of the Dungeon.
             The game lasted 00:06:35 (1820 turns).

Yunesin the Chopper (Minotaur Berserker)            Turns: 1820, Time: 00:06:36

Health: 0/40       AC:  3    Str: 21    XL:     4   Next: 86%
Magic:  3/3        EV: 12    Int:  4    God:    Trog [**....]
Gold:   212        SH:  0    Dex: 11    Spells: 3/3 levels left

rFire    . . .     SeeInvis .   a - +1 hand axe
rCold    . . .     Gourm    .   (no shield)
rNeg     . . .     Faith    .   b - +1 animal skin
rPois    .         Spirit   .   (helmet restricted)
rElec    .         Reflect  .   (no cloak)
rCorr    .         Harm     .   (no gloves)
MR       +....                  (no boots)
Stlth    +.........             j - amulet of regeneration
HPRegen  0.53/turn              g - ring of protection from magic
MPRegen  0.08/turn              (no ring)

@: berserk cooldown, slowed, very slow
A: retaliatory headbutt, horns 2
a: Berserk, Trog's Hand, Renounce Religion


You were on level 4 of the Dungeon.
You worshipped Trog.
Trog was pleased with you.
You were hungry.

You visited 1 branch of the dungeon, and saw 4 of its levels.

You collected 212 gold pieces.

Inventory:

Hand Weapons
 a - a +1 hand axe (weapon)
Armour
 b - a +1 animal skin (worn)
 p - a +0 ring mail
Jewellery
 g - a ring of protection from magic (left hand)
 j - an amulet of regeneration (around neck)
Scrolls
 d - a scroll of remove curse {unknown}
 e - 2 scrolls of enchant weapon
 f - a scroll of immolation
 h - a scroll of enchant armour
 i - 3 scrolls of teleportation
 l - 2 scrolls of identify
Potions
 k - 2 potions of agility
 m - 2 potions of ambrosia {unknown}
 o - a potion of flight
Comestibles
 c - 6 rations
 n - 2 chunks of flesh


   Skills:
 + Level 4.2 Fighting
 * Level 6.0 Axes
 + Level 2.7 Armour
 + Level 2.6 Dodging


You had 3 spell levels left.
You didn't know any spells.
Your spell library was empty.

Dungeon Overview and Level Annotations

Branches:
Dungeon (4/15)
 Temple: D:4-7

Altars:
Trog


Innate Abilities, Weirdness & Mutations

You reflexively headbutt those who attack you in melee.
You have a pair of horns on your head.


Message History

You closely miss something.
You hear some strange, mumbled words.
A puff of frost appears from out of thin air!
The puff of frost misses you. Something barely misses you.
You closely miss something. Something hits you. x2
* * * LOW HITPOINT WARNING * * *
You miss something. Something hits you but does no damage. Something hits you.
* * * LOW HITPOINT WARNING * * *
You barely miss something. Something completely misses you. Something hits you.
* * * LOW HITPOINT WARNING * * *
Something hits you.
* * * LOW HITPOINT WARNING * * *
You miss something. Something hits you.
* * * LOW HITPOINT WARNING * * *
Something hits you.
* * * LOW HITPOINT WARNING * * *
You barely miss something. Something hits you.
* * * LOW HITPOINT WARNING * * *
Something hits you.
You die...

####+####
#.......#
#.......# #
#.......#
..#.......#
...%......########
#.......@{......
#.......#######.
#.......#
#.....<.#
#####.### #.# #.#
#.# #.#


There were no monsters in sight!

Vanquished Creatures
  An orc priest (D:4)
  3 adders
  A shadow imp (D:2)
  A worm (D:2)
  3 dart slugs
  A leopard gecko (D:2)
  4 orcs
  7 giant cockroaches
  9 goblins
  2 hobgoblins (D:3)
  2 quokkas (D:3)
  5 bats
  2 frilled lizards
  4 kobolds
  7 rats
52 creatures vanquished.

Notes
Turn   | Place    | Note
-------+----------+-------------------------------------------
     0 | D:1      | Yunesin the Minotaur Berserker began the quest for the Orb.
     0 | D:1      | Reached XP level 1. HP: 19/19 MP: 0/0
    68 | D:1      | Reached skill level 4 in Axes
    70 | D:1      | Reached XP level 2. HP: 14/27 MP: 1/1
   334 | D:1      | Reached ** piety under Trog
   618 | D:2      | Reached XP level 3. HP: 31/33 MP: 2/2
   781 | D:2      | Reached skill level 5 in Axes
   849 | D:2      | Reached XP level 4. HP: 36/40 MP: 3/3
  1388 | D:3      | Found a bloodstained altar of Trog.
  1555 | D:3      | Found a faded altar of an unknown god.
  1805 | D:4      | Reached skill level 6 in Axes
  1819 | D:4      | HP: 2/40 [something (5)]
  1820 | D:4      | Slain by an orc wizard

Skill      XL: |  1  2  3  4 |
---------------+-------------+-----
Axes           | 4 5 6 |  6.0
Fighting       | 4 |  4.2
Armour         | |  2.7
Dodging        | |  2.6

Action                   |  1- 3 |  4- 6 || total
-------------------------+-------+-------++-------
Melee: Hand axe          |    63 |    42 ||   105
       Headbutt          |    12 |     2 ||    14
Invok: Berserk           |     1 |     1 ||     2
  Use: Scroll            |     8 |       ||     8
       Potion            |     3 |       ||     3
 Stab: Sleeping          |     2 |     1 ||     3
  Eat: Chunk             |     1 |     3 ||     4
Armor: Animal skin       |    10 |     6 ||    16
Dodge: Dodged            |    36 |    25 ||    61
